 Dungeon Crawl Stone Soup version 0.21.1-1-g345015f (webtiles) character file.

14 tidbits the Charmwright (level 2, -2/26 HPs)
             Began as a Gnoll Skald on June 22, 2018.
             Slain by an ooze (3 damage)
             ... on level 2 of the Dungeon.
             The game lasted 00:01:19 (157 turns).

tidbits the Charmwright (Gnoll Skald)                Turns: 157, Time: 00:01:20

Health: -2/26      AC:  3    Str: 13    XL:     2   Next: 41%
Magic:  2/7        EV: 14    Int: 15    God:
Gold:   15         SH:  0    Dex: 14    Spells: 5/10 levels left

rFire    . . .     SeeInvis .   a - +0 hand axe
rCold    . . .     Gourm    .   (no shield)
rNeg     . . .     Faith    .   b - +0 leather armour
rPois    .         Spirit   .   (no helmet)
rElec    .         Reflect  .   (no cloak)
rCorr    .         Harm     .   (no gloves)
MR       .....                  (no boots)
Stlth    +.........             (no amulet)
HPRegen  0.08/turn              (no ring)
MPRegen  0.10/turn              (no ring)

@: no status effects
A: distributed training, fangs 1, strong nose
a: no special abilities


You were on level 2 of the Dungeon.
You were not hungry.

You visited 1 branch of the dungeon, and saw 2 of its levels.

You collected 15 gold pieces.

Inventory:

Hand Weapons
 a - a +0 hand axe (weapon)
 i - a +0 dagger
Missiles
 e - 27 stones (quivered)
 j - 17 arrows
Armour
 b - a +0 leather armour (worn)
Scrolls
 f - a scroll of magic mapping {unknown}
 g - a scroll of teleportation {unknown}
 k - a scroll of blinking {unknown}
Potions
 h - a potion of curing {unknown}
Books
 c - a book of Battle

   Spells                             Type                      Level
   a - Infusion                       Charms                       1
   b - Shroud of Golubria             Charms/Translocation         2
   c - Song of Slaying                Charms                       2
   d - Spectral Weapon                Hexes/Charms                 3
   e - Regeneration                   Charms/Necromancy            3
Comestibles
 d - a ration


   Skills:
 + Level 4.5 Fighting
 + Level 0.4 Short Blades
 + Level 0.4 Long Blades
 + Level 4.5 Axes
 + Level 0.4 Maces & Flails
 + Level 0.4 Polearms
 + Level 0.4 Staves
 + Level 0.4 Slings
 + Level 0.4 Bows
 + Level 0.4 Crossbows
 + Level 0.4 Throwing
 + Level 2.5 Armour
 + Level 4.5 Dodging
 + Level 0.4 Stealth
 + Level 0.4 Shields
 + Level 0.4 Unarmed Combat
 + Level 4.9 Spellcasting
 + Level 0.2 Conjurations
 + Level 0.2 Hexes
 + Level 5.3 Charms
 + Level 0.2 Summonings
 + Level 0.2 Necromancy
 + Level 0.2 Translocations
 + Level 0.2 Transmutations
 + Level 0.2 Fire Magic
 + Level 0.2 Ice Magic
 + Level 0.2 Air Magic
 + Level 0.2 Earth Magic
 + Level 0.2 Poison Magic
 + Level 0.5 Invocations
 + Level 0.4 Evocations


You had 5 spell levels left.
You knew the following spells:

 Your Spells              Type           Power        Failure   Level  Hunger
g - Shroud of Golubria    Chrm/Tloc      ##........   10%         2    ##.....
i - Infusion              Chrm           ###.         2%          1    None
y - Song of Slaying       Chrm           ###.....     3%          2    ##.....


Dungeon Overview and Level Annotations

Branches:
Dungeon (2/15)

Altars:


Innate Abilities, Weirdness & Mutations

Your experience applies equally to all skills.
You have very sharp teeth.
Your uncanny sense of smell can sniff out nearby items.


Message History

Found a scroll labeled TUNOFUKHLEI.
You see here a rat corpse.
You see here a scroll labeled TUNOFUKHLEI.
g - a scroll labeled TUNOFUKHLEI You see here an amethyst potion.
h - an amethyst potion Unknown command.
Found a dagger.
You see here a dagger.
i - a dagger
Found a stone staircase leading down.
Found 12 gold pieces.
There is a stone staircase leading down here.
Found 8 gold pieces.
There is a stone staircase leading down here.
You climb downwards.
A bat comes into view.
Found 18 bolts.
There is a stone staircase leading up here.
Casting: Infusion
Confirm with . or Enter, or press ? or * to list all spells.
You begin infusing your attacks with magical energy.
The bat barely misses you.
You barely miss the bat. The bat barely misses you. The bat closely misses you.
The bat misses you.
You miss the bat. The bat closely misses you.
You barely miss the bat. The bat barely misses you.
An adder comes into view.
The adder hisses angrily.
Found a scroll labeled UHUPNU FIGH.
You hit the bat.
You kill the bat!
Found 17 arrows.
You hit the adder.
The adder is heavily wounded.
The adder bites you.
You are poisoned.
The adder poisons you!
You hit the adder!
You kill the adder!
You have reached level 2!
You feel sick.
Memorise Song of Slaying, consuming 2 spell levels and leaving 7?
You feel sick.
You start memorising the spell.
You continue memorising. x2
You finish memorising.
Spell assigned to 'y'.
Memorise Shroud of Golubria, consuming 2 spell levels and leaving 5?
Your magical infusion is running out.
You feel sick.
You start memorising the spell.
You continue memorising. x2
You feel sick.
You finish memorising.
Spell assigned to 'g'. 2 hobgoblins come into view.
The hobgoblin shouts! x2
Casting: Infusion
Confirm with . or Enter, or press ? or * to list all spells.
You start singing a song of slaying.
The hobgoblin hits you with a club.
You hit the hobgoblin!
You kill the hobgoblin!
You feel sick.
You hit the hobgoblin!
You kill the hobgoblin!
You are no longer magically infusing your attacks.
You see here a club.
You see here 17 arrows.
j - 17 arrows You feel sick.
You see here a club.
You feel sick.
You feel sick.
You are no longer poisoned.
You see here a scroll labeled UHUPNU FIGH.
k - a scroll labeled UHUPNU FIGH Your song is almost over.
Found a leather armour.
You hear an angry hiss.
Found a stone staircase leading down.
An ooze comes into view.
A dart slug comes into view.
You hear an angry hiss. x2
The ooze closely misses you.
A frilled lizard comes into view.
You hit the ooze. You bite the ooze.
The ooze is moderately wounded.
The ooze hits you.
* * * LOW HITPOINT WARNING * * *
You barely miss the ooze.
The ooze is moderately wounded.
The ooze hits you.
* * * LOW HITPOINT WARNING * * *
You hit the ooze. You bite the ooze, but do no damage.
The ooze is heavily wounded.
The ooze hits you.
* * * LOW HITPOINT WARNING * * *
You hit the ooze.
The ooze is severely wounded.
You miss the frilled lizard.
Your song has ended.
The ooze hits you.
You die...

## ..# #.# ###
#.# .. #.#
######. #.# ####
.......##.##..[..
#...l@........#
#>##J##.#####. #.
#.# #. #.# #w
#.#####.##
####.##.........
.........####.##
####.###.# .. #.#
#.#


You could see an ooze, a dart slug and a frilled lizard.

Vanquished Creatures
  An adder (D:2)
  2 hobgoblins (D:2)
  A bat (D:2)
  2 rats (D:1)
6 creatures vanquished.

Notes
Turn   | Place    | Note
-------+----------+-------------------------------------------
     0 | D:1      | tidbits the Gnoll Skald began the quest for the Orb.
     0 | D:1      | Reached XP level 1. HP: 20/20 MP: 6/6
   120 | D:2      | Reached XP level 2. HP: 22/26 MP: 3/7
   124 | D:2      | Learned a level 2 spell: Song of Slaying
   127 | D:2      | Learned a level 2 spell: Shroud of Golubria
   156 | D:2      | HP: 1/26 [ooze (5)]
   157 | D:2      | Slain by an ooze

Action                   || total
-------------------------++-------
Melee: Hand axe          ||    16
       Bite              ||     2
 Cast: Infusion          ||     2
       Song of Slaying   ||     1
Dodge: Dodged            ||     9

Table legend:
 A = Turns spent in this place as a percentage of turns spent in the entire game.
 B = Non-inter-level travel turns spent in this place as a percentage of non-inter-level travel turns spent in the entire game.
 C = Inter-level travel turns spent in this place as a percentage of turns spent in this place.
 D = Turns resting spent in this place as a percentage of non-inter-level travel turns spent in this place.
 E = Turns spent auto-exploring this place as a percentage of non-inter-level travel turns spent in this place.
 F = Non-inter-level travel turns spent in this place divided by the number of levels of this place that you've seen.
                   A       B       C       D       E      F
               +-------+-------+-------+-------+-------+----------------------
         Total | 100.0 | 100.0 |   0.0 |   0.0 |   0.0 |  78.5
       Dungeon | 100.0 | 100.0 |   0.0 |   0.0 |   0.0 |  78.5
               +-------+-------+-------+-------+-------+----------------------

Table legend:
 A = Kills in this place as a percentage of kills in entire the game.
 B = Kills by you in this place as a percentage of kills by you in the entire game.
 C = Kills by friends in this place as a percentage of kills by friends in the entire game.
 D = Other kills in this place as a percentage of other kills in the entire game.
 E = Experience gained in this place as a percentage of experience gained in the entire game.
 F = Experience gained in this place divided by the number of levels of this place that you have seen.
                   A       B       C       D       E      F
               +-------+-------+-------+-------+-------+----------------------
         Total | 100.0 | 100.0 |   N/A |   N/A | 100.0 |  10.0
       Dungeon | 100.0 | 100.0 |   N/A |   N/A | 100.0 |  10.0
               +-------+-------+-------+-------+-------+----------------------

Vault maps used:
D:1:      dpeg_arrival_simpleton_a
D:2:      minmay_kobold_bridge, uniq_natasha
